 Dungeon Crawl Stone Soup version 0.20.1-1-g8b1a95d (webtiles) character file.

1109 homeworkjunkie the Cleaver (level 8, -1/70 HPs)
             Began as a Hill Orc Fighter on Dec 29, 2017.
             Slain by an orc warrior
             ... wielding a +0 hand axe
              (19 damage)
             ... on level 6 of the Dungeon.
             The game lasted 00:09:39 (4960 turns).

homeworkjunkie the Cleaver (Hill Orc Fighter)       Turns: 4960, Time: 00:09:40

Health: -1/70      AC: 11    Str: 20    XL:     8   Next: 33%
Magic:  8/8        EV:  9    Int:  8    God:
Gold:   223        SH: 10    Dex: 11    Spells: 7/7 levels left

rFire    + . .     SeeInvis .   a - +0 war axe
rCold    . . .     Gourm    .   c - +0 shield
rNeg     . . .     Faith    .   r - +3 ring mail {rF+}
rPois    .         Spirit   .   f - +0 helmet
rElec    .         Reflect  .   o - +0 cloak
rCorr    .         Harm     .   (no gloves)
MR       .....                  (no boots)
Stlth    +.........             (no amulet)
Regen    0.3/turn               (no ring)
MPRegen  0.2/turn               (no ring)

@: no status effects
A: no striking features
a: no special abilities


You were on level 6 of the Dungeon.
You were not hungry.

You visited 1 branch of the dungeon, and saw 6 of its levels.
You also visited: Sewer.

You collected 223 gold pieces.

Inventory:

Hand Weapons
 a - a +0 war axe (weapon)
Armour
 c - a +0 shield (worn)
 f - a +0 helmet (worn)
 o - a +0 cloak (worn)
 r - a +3 ring mail of fire resistance (worn)
Scrolls
 j - 3 scrolls of blinking
 m - 2 scrolls of remove curse
 n - a scroll of magic mapping
 p - 3 scrolls of teleportation
Potions
 d - 3 potions of might
 e - 4 potions of haste
 h - a potion of flight
 i - 3 potions of curing
 k - 5 potions of brilliance {unknown}
 l - a potion of invisibility
 s - 4 potions of magic {unknown}
Comestibles
 t - a royal jelly


   Skills:
 * Level 5.9 Fighting
 * Level 8.9 Axes
 * Level 5.2 Armour
 + Level 1.0 Dodging
 + Level 0.5 Stealth
 * Level 5.4 Shields


You had 7 spell levels left.
You didn't know any spells.

Dungeon Overview and Level Annotations

Branches:
Dungeon (6/15)             Temple (0/1) D:4

Altars:
Dithmenos
Hepliaklqana
Qazlal
Trog
The Shining One


Message History

You hit the orc warrior. You block the orc warrior's attack.
Your shield prevents you from hitting the orc.
You hit the orc warrior but do no damage.
You block the orc's attack.
The orc warrior hits you with a hand axe.
You barely miss the orc. You hit the orc warrior. You block the orc's attack.
You block the orc warrior's attack.
You barely miss the orc warrior.
The orc warrior is almost dead.
Your shield and ring mail prevent you from hitting the orc.
You block the orc's attack.
The orc warrior hits you with a hand axe!
* * * LOW HITPOINT WARNING * * *
You barely miss the orc. You barely miss the orc warrior.
The orc hits you but does no damage. You block the orc warrior's attack.
You hit the orc warrior.
The orc warrior is almost dead.
You hit the orc but do no damage.
The orc warrior hits you with a hand axe!!
You die...

............
.#..........
##...........#
...##........#
#...........#
###...#.......########.
##.....#........oo......
#...............@#
..........###.####
..............#
..............#
..####.[.......#
.(...<†.........#
.#####..........#
#....>.....#
#..........#


You could see an orc warrior and an orc.

Vanquished Creatures
  2 ogres (D:4)
  A phantom (D:4)
  2 bullfrogs (Sewer)
  3 hounds
  2 orc priests
  An orc wizard (D:6)
  An iguana (D:4)
  5 worker ants
  2 hound skeletons (D:4)
  Robin (D:4)
  A howler monkey skeleton (D:4)
  14 adders
  4 gnolls (D:3)
  4 river rats (Sewer)
  2 oozes
  An adder skeleton (D:4)
  A worm (D:3)
  3 dart slugs
  2 leopard geckos
  6 orcs
  12 bats
  4 giant cockroaches
  20 goblins
  8 hobgoblins
  4 jackals (D:2)
  13 ball pythons
  6 frilled lizards
  8 kobolds
  38 rats
171 creatures vanquished.

Notes
Turn   | Place    | Note
-------+----------+-------------------------------------------
     0 | D:1      | homeworkjunkie the Hill Orc Fighter began the quest for the Orb.
     0 | D:1      | Reached XP level 1. HP: 19/19 MP: 1/1
    56 | D:1      | Reached skill level 3 in Axes
   173 | D:1      | Reached XP level 2. HP: 27/27 MP: 2/2
   254 | D:3      | Found a faded altar of an unknown god.
   494 | D:3      | Reached XP level 3. HP: 32/33 MP: 3/3
   840 | D:3      | Reached XP level 4. HP: 33/40 MP: 4/4
   991 | D:4      | Reached skill level 4 in Axes
  1133 | D:3      | Found a shadowy altar of Dithmenos.
  1468 | D:3      | Reached XP level 5. HP: 24/46 MP: 5/5
  2002 | D:2      | Found a hazy altar of Hepliaklqana.
  2199 | D:2      | Found a glowing golden altar of the Shining One.
  2292 | D:2      | Found a stormy altar of Qazlal.
  2507 | D:2      | Reached skill level 5 in Axes
  3303 | D:4      | Found a staircase to the Ecumenical Temple.
  3375 | D:4      | Noticed a phantom
  3386 | D:4      | Killed a phantom
  3386 | D:4      | Reached skill level 6 in Axes
  3386 | D:4      | Reached XP level 6. HP: 45/53 MP: 6/6
  3452 | D:4      | Noticed Robin
  3460 | D:4      | Killed Robin
  3588 | D:4      | Reached XP level 7. HP: 58/60 MP: 7/7
  3599 | D:4      | Reached skill level 7 in Axes
  3631 | D:4      | Found a bloodstained altar of Trog.
  3661 | D:5      | Entered Level 5 of the Dungeon
  3672 | D:5      | Found a glowing drain.
  3680 | D:5      | Reached skill level 5 in Fighting
  3686 | Sewer    | Entered a sewer
  4005 | Sewer    | Reached skill level 5 in Shields
  4079 | Sewer    | Reached skill level 8 in Axes
  4471 | D:4      | Reached skill level 5 in Armour
  4481 | D:4      | Reached XP level 8. HP: 68/68 MP: 8/8
  4914 | D:6      | Reached skill level 1 in Dodging
  4960 | D:6      | Slain by an orc warrior

Skill      XL: |  1  2  3  4  5  6  7  8 |
---------------+-------------------------+-----
Axes           | 3 4 6 8 |  8.9
Fighting       | 4 5 |  5.9
Shields        | 4 5 |  5.4
Armour         | 4 5 |  5.2
Dodging        | 1 |  1.0
Stealth        | |  0.5

Action                   |  1- 3 |  4- 6 |  7- 9 || total
-------------------------+-------+-------+-------++-------
Melee: War axe           |    85 |   234 |   178 ||   497
  Use: Scroll            |       |     5 |     6 ||    11
       Potion            |       |     5 |     4 ||     9
 Stab: Invisible         |       |       |     2 ||     2
  Eat: Bread ration      |       |     2 |       ||     2
       Royal jelly       |       |     1 |       ||     1
       Meat ration       |       |     1 |       ||     1
Armor: Scale mail        |    38 |   103 |    88 ||   229
       Ring mail         |       |       |     4 ||     4
Dodge: Dodged            |    21 |    73 |    82 ||   176
Block: Shield            |    48 |   122 |   113 ||   283
